 Dungeon Crawl Stone Soup version 0.20.1-1-g8b1a95d (webtiles) character file.

336 Linguinho the Covered (level 6, 0/52 HPs)
             Began as a Demonspawn Fighter on Nov 9, 2017.
             Was an Initiate of Ashenzari.
             Slain by a sky beast (6 damage)
             ... on level 4 of the Dungeon.
             The game lasted 00:07:05 (2120 turns).

Linguinho the Covered (Demonspawn Fighter)          Turns: 2120, Time: 00:07:06

Health: 0/52       AC:  9    Str: 18    XL:     6   Next: 28%
Magic:  6/6        EV: 10    Int: 10    God:    Ashenzari [......]
Gold:   133        SH:  0    Dex: 12    Spells: 5/5 levels left

rFire    + . .     SeeInvis .   i - +2 spear (vamp)
rCold    x . .     Gourm    .   (no shield)
rNeg     . . .     Faith    .   b - +0 scale mail
rPois    .         Spirit   .   (helmet restricted)
rElec    .         Reflect  .   (no cloak)
rCorr    .         Harm     .   (no gloves)
MR       .....     Clarity  +   (no boots) Stlth +.........Rnd*Tele +
                                (no amulet)
Regen    0.2/turn               q - ring of fire
MPRegen  0.1/turn               (no ring)

@: no status effects
A: antennae 1, slimy green scales 1, clarity, mutation resistance 1,
nightstalker 1, robust 1, teleportitis 1
a: Curse Item, Renounce Religion


You were on level 4 of the Dungeon.
You worshipped Ashenzari.
Ashenzari was noncommittal.
You were hungry.

You visited 1 branch of the dungeon, and saw 4 of its levels.

You collected 133 gold pieces.

Inventory:

Hand Weapons
 a - a +0 war axe
 i - a +2 vampiric spear (weapon)
Missiles
 u - 2 silver javelins (quivered)
Armour
 b - a +0 scale mail (worn)
 c - a +0 shield
Jewellery
 q - a ring of fire (left hand)
Wands
 s - a wand of random effects (22/48)
Scrolls
 g - 2 scrolls of identify {unknown}
 v - a scroll of teleportation {unknown}
 w - a scroll of magic mapping {unknown}
Potions
 d - a potion of might
 e - a potion of degeneration {unknown}
 h - a potion of flight {unknown}
 j - 3 potions of curing {unknown}
 l - a potion of heal wounds {unknown}
 n - 3 potions of haste {unknown}
 o - a potion of cancellation {unknown}
 p - a potion of invisibility {unknown}
 r - a potion of ambrosia {unknown}
 t - a potion of mutation {unknown}
Comestibles
 f - 3 bread rations
 k - 3 fruits
 m - 2 royal jellies


   Skills:
 + Level 3.9 Fighting
 + Level 2.5(3.2) Axes
 + Level 3.0(3.4) Polearms
 + Level 4.0 Armour
 + Level 1.2 Dodging
 + Level 3.2 Shields


You had 5 spell levels left.
You didn't know any spells.

Dungeon Overview and Level Annotations

Branches:
Dungeon (4/15)
 Temple: D:4-7

Altars:
Ashenzari
Gozag
Hepliaklqana
Xom
The Shining One


Innate Abilities, Weirdness & Mutations

You have a pair of small antennae on your head.
You are partially covered in slimy green scales. (AC +2)
You are slightly more attuned to the shadows.
You possess an exceptional clarity of mind.
You are somewhat resistant to further mutation.
You are robust. (+10% HP)
You are occasionally teleported next to monsters.


Message History

Something hits you but does no damage.
You hit something.
You feel better. Something hits you. Something shocks you.
You miss something. Something hits you. Something shocks you.
You closely miss something. Something hits you but does no damage.
You completely miss something. Something hits you. Something shocks you.
* * * LOW HITPOINT WARNING * * *
You miss something. Something hits you but does no damage.
You hit something.
You feel better. Something hits you but does no damage.
You miss something. Something completely misses you.
You closely miss something. Something hits you but does no damage.
You completely miss something. Something hits you but does no damage.
You closely miss something. You hit something but do no damage.
Something hits you but does no damage.
You hit something. Something hits you. Something shocks you.
* * * LOW HITPOINT WARNING * * *
You hit something but do no damage. Something hits you but does no damage.
You closely miss something. Something hits you.
* * * LOW HITPOINT WARNING * * *
Something shocks you.
You die...

.$ ### .. #... .. ##..# ..
####...# .. ###....#####
###.. #####....@{....h
##.... ####.......########
###..#.. ..#......#####
#####...##.. ...........#
#.....####.. ..####.....#
##.#####..... #.....#
##..###. #..
#.....#######.......# #..
#.............##########..
#.....[###....# #.........


You could see a hound (wandering).

Vanquished Creatures
  A sky beast (D:3)
  2 orc wizards
  A gnoll (D:1)
  A howler monkey skeleton (D:4)
  9 adders
  A dart slug (D:3)
  A leopard gecko (D:2)
  14 orcs
  A ball python (D:3)
  9 bats
  2 giant cockroaches
  5 goblins
  5 hobgoblins
  5 quokkas
  3 frilled lizards
  8 kobolds
  8 rats
  2 butterflies (D:3)
78 creatures vanquished.

Notes
Turn   | Place    | Note
-------+----------+-------------------------------------------
     0 | D:1      | Linguinho the Demonspawn Fighter began the quest for the Orb.
     0 | D:1      | Reached XP level 1. HP: 18/18 MP: 1/1
   110 | D:1      | Gained mutation: You have a pair of small antennae on your head. [demonic ancestry]
   110 | D:1      | Reached XP level 2. HP: 22/24 MP: 2/2
   159 | D:1      | Reached skill level 3 in Armour
   466 | D:2      | Reached XP level 3. HP: 14/29 MP: 3/3
   834 | D:2      | Gained mutation: You are partially covered in slimy green scales. (AC +2) [demonic ancestry]
   834 | D:2      | Reached XP level 4. HP: 35/35 MP: 4/4
   942 | D:2      | Reached skill level 1 in Polearms
  1140 | D:3      | Found a shimmering altar of Xom.
  1464 | D:3      | Reached XP level 5. HP: 34/41 MP: 5/5
  1520 | D:3      | Noticed a sky beast
  1541 | D:3      | Killed a sky beast
  1541 | D:3      | Reached skill level 1 in Dodging
  1545 | D:3      | Gained mutation: You are occasionally teleported next to monsters. [mutagenic meat]
  1546 | D:3      | Gained mutation: You possess an exceptional clarity of mind. [mutagenic meat]
  1547 | D:3      | Gained mutation: You are robust. (+10% HP) [mutagenic meat]
  1549 | D:3      | Gained mutation: You are somewhat resistant to further mutation. [mutagenic meat]
  1612 | D:3      | Found an opulent altar of Gozag.
  1612 | D:3      | Found a shattered altar of Ashenzari.
  1612 | D:3      | Found a glowing golden altar of the Shining One.
  1618 | D:3      | Became a worshipper of Ashenzari the Shackled
  1714 | D:3      | Gained mutation: You are slightly more attuned to the shadows. [demonic ancestry]
  1714 | D:3      | Reached XP level 6. HP: 47/52 MP: 6/6
  1951 | D:4      | Reached skill level 4 in Armour
  1992 | D:4      | Found a hazy altar of Hepliaklqana.
  2098 | D:4      | Noticed a sky beast
  2120 | D:4      | Slain by a sky beast

Skill      XL: |  1  2  3  4  5  6 |
---------------+-------------------+-----
Axes           | 2 |  2.5
Armour         | 3 4 |  4.0
Shields        | 3 |  3.2
Polearms       | 2 3 |  3.0
Dodging        | 1 |  1.2
Fighting       | |  3.9

Action                   |  1- 3 |  4- 6 || total
-------------------------+-------+-------++-------
Melee: War axe           |    29 |       ||    29
       Spear             |    78 |   241 ||   319
  Eat: Bread ration      |     1 |       ||     1
       Chunk             |       |     9 ||     9
Armor: Scale mail        |    42 |   112 ||   154
Dodge: Dodged            |    34 |    94 ||   128
Block: Shield            |    16 |       ||    16
